Description

TVP 3 Base Economic Olimo Game : Innovation VS Cloudy_Ascension to Aiur_G2

VOD

https://www.youtube.com/watch?v=xPjfAA9bqmQ

Replay - Innovation VS Cloudy_Ascension to Aiur_G2

Build Order

Get SALT Encoding   

  12  0:00  SCV  
  13  0:12  SCV  
  14  0:17  Supply Depot  
  14  0:25  SCV  
  15  0:38  SCV  
  15  0:40  Barracks  
  16  0:43  Refinery  
  16  0:50  SCV  
  17  1:03  SCV  
  18  1:15  SCV  
  19  1:27  Orbital Command, Reaper  
  20  1:40  Command Center  
  20  1:48  Supply Depot  
  20  1:52  SCV  
  21  1:59  Barracks Reactor  
  21  2:05  SCV  
  22  2:17  SCV  
  22  2:22  Command Center  
  24  2:32  Barracks  
  24  2:35  Marine x2  
  27  2:47  Bunker  
  27  2:55  Orbital Command  
  28  3:03  Marine x2  
  30  3:12  Engineering Bay  
  31  3:20  Barracks Tech Lab  
  31  3:22  Marine x2  
  35  3:34  Orbital Command  
  35  3:37  Terran Infantry Weapons Level 1  
  35  3:39  Stimpack  
  37  3:44  Marine x3  
  40  3:55  Barracks  
  44  4:05  Factory  
  44  4:06  Refinery x2  
  44  4:09  Marine  
  50  4:19  Supply Depot  
  50  4:27  Refinery  
  56  4:36  Supply Depot  
  56  4:43  Barracks Tech Lab  
  59  4:48  Factory Reactor  
  59  4:49  Starport  
  65  5:01  Barracks x2  
  65  5:03  Combat Shields  
  67  5:11  Marauder x2  
  71  5:21  Supply Depot  
  72  5:31  Medivac x2  
  72  5:32  Terran Infantry Armor Level 1  
  72  5:33  Factory Reactor  
  76  5:40  Marauder x2  
  76  5:42  Concussive Shells  
  81  5:50  Barracks Tech Lab, Barracks Reactor  
  81  5:54  Orbital Command  
  81  6:05  Marauder x2  
  81  6:08  Medivac x2  
  90  6:15  Widow Mine x2  
  93  6:23  Marauder x3  
  101  6:37  Widow Mine x2  
  105  6:44  Marauder  
  109  6:50  Medivac x2  
  117  6:58  Widow Mine x2  
  131  7:19  Widow Mine x2  
  135  7:27  Medivac x2  
  143  7:43  Widow Mine x2  
  167  8:11  Medivac  
  173  8:31  Medivac  
Spawning Tool Build Advisor. Get it on Overwolf

Go to:

Details

  • Created by: rcityband
  • Published on: Jan 19, 2018
  • Modified on: Jan 19, 2018
  • Patch: 4.0.0
Show
View Real Time Build Order
Export as new Build Order

Comments (0)

There are no comments. Be the first!

Create an account to comment!